[Event "8th Montevideo Open 2025"]
[Site "Montevideo"]
[Date "2025.02.02"]
[Round "3.12"]
[White "Izquierdo, Daniel"]
[Black "Pichuaga, Juan Pablo"]
[Result "0-1"]
[Annotator "NA RC"]
[ECO "A26"]
[WhiteElo "2069"]
[BlackElo "1973"]
[PlyCount "84"]
[EventDate "2025.02.01"]
[EventType "swiss"]
[EventCountry "URU"]
[SourceTitle "playchess.com"]
[Source "ChessBase"]
[SourceQuality "1"]
[TimeControl "5400+30"]

1. c4 e5 2. Nc3 Nc6 3. g3 g6 4. Bg2 Bg7 5. d3 d6 6. Nf3 Nf6 7. O-O O-O 8. Rb1 d5 {[%emt 0:08:47] A26: English Opening vs King's Indian with ...Nc6 and d3.} 9. cxd5 Nxd5 10. Nxe5 Nxc3 11. Nxc6 Nxe2+ 12. Qxe2 bxc6 13. Bxc6 Be6 14. b3 Bd5 15. Bxd5 Qxd5 16. Bb2 Rfe8 17. Qc2 Bxb2 18. Rxb2 c6 19. Qc4 Qf3 20. Rc2 Re6 21. d4 Rae8 22. Rc3 Qf5 23. Re3 Qa5 $16 24. b4 Qa4 25. Rxe6 Rxe6 26. Rc1 Qa3 27. Rc3 Qb2 28. h4 Qb1+ 29. Kh2 Rf6 30. Rc2 Qe1 31. Qe2 Qxb4 32. Qe8+ Kg7 33. Qe5 Qd6 34. Kg2 Qd5+ 35. Kg1 Qf3 36. Rd2 h5 37. d5 cxd5 38. Qxd5 Qxd5 39. Rxd5 Ra6 40. Rd2 Kf6 41. Kf1 Kf5 42. Re2 f6 0-1

[Event "8th Montevideo Open 2025"]
[Site "Montevideo"]
[Date "2025.02.02"]
[Round "3.13"]
[White "Milat, Marcel"]
[Black "Pizarro, Nick"]
[Result "1-0"]
[Annotator "TA"]
[ECO "D12"]
[WhiteElo "2190"]
[BlackElo "1594"]
[PlyCount "55"]
[EventDate "2025.02.01"]
[EventType "swiss"]
[EventCountry "URU"]
[SourceTitle "playchess.com"]
[Source "ChessBase"]
[SourceQuality "1"]
[TimeControl "5400+30"]

1. Nf3 Nf6 2. c4 c6 3. d4 d5 4. e3 Bf5 5. Nc3 e6 6. Nh4 Bg6 7. Qb3 Qb6 8. Nxg6 hxg6 9. Bd2 Qxb3 10. axb3 Nbd7 11. g3 {[%emt 0:00:00] White is slightly better.} Be7 12. Bg2 a6 13. Rc1 Bb4 14. O-O O-O-O 15. Rc2 Bxc3 (15... a5 $14 {was preferrable.}) 16. Bxc3 Kb8 17. Rd1 (17. f3 $14) 17... Rh5 (17... g5 $11 {keeps the balance.}) 18. f3 $16 Rdh8 19. h3 Re8 20. g4 Rh7 21. Kf2 ({White should play} 21. e4 $16) 21... b5 ({Better is} 21... g5 $14) 22. Bb4 {[%emt 0:00:00] [#] And now g5 would win.} Rhh8 $2 {[%emt 0:00:00] Black cannot hold the game after this.} (22... Kb7 $16 23. g5 Nh5) 23. cxb5 cxb5 24. Rdc1 Rc8 (24... Nb6 $142 25. Rc6 Nfd7) 25. Bd6+ $18 Kb7 26. Rc7+ Rxc7 27. Rxc7+ (27. Bxc7 $2 {too greedy.} Rc8 28. Kf1 Rxc7 $19) 27... Kb6 28. g5 {[%emt 0:00:00] Weighted Error Value: White=0.15 (very precise) /Black=0.45.  Loses game:     	---       	Black=1      Mistake:       	White=2     	Black=4      Inaccurate:     	White=1     	---        OK:         	White=5     	Black=1      Best:        	White=2     	Black=2} 1-0

[Event "8th Montevideo Open 2025"]
[Site "Montevideo"]
[Date "2025.02.02"]
[Round "3.14"]
[White "Roselli Mailhe, Bernardo"]
[Black "Barandiaran, Gabriel"]
[Result "1-0"]
[Annotator "TA"]
[ECO "D38"]
[WhiteElo "2342"]
[BlackElo "1830"]
[PlyCount "61"]
[EventDate "2025.02.01"]
[EventType "swiss"]
[EventCountry "URU"]
[SourceTitle "playchess.com"]
[Source "ChessBase"]
[SourceQuality "1"]
[TimeControl "5400+30"]

1. d4 Nf6 2. c4 e6 3. Nf3 d5 4. Nc3 Bb4 5. Qa4+ Nc6 6. e3 Bd7 {[%emt 0:00:30][%cal Oc6d4] [#] aiming for ...Nxd4!. D38: Queen's Gambit Declined: Ragozin Defence (4 Nf3 Bb4).} 7. Qc2 O-O 8. Bd2 Qe7 (8... dxc4 $11 {is more appropriate.} 9. Bxc4 Bd6) 9. a3 $14 Bxc3 10. Bxc3 Ne4 11. Bd3 f5 12. b4 Nxc3 13. Qxc3 Be8 $146 (13... Rac8 14. O-O Rf6 15. b5 Nd8 16. Qa5 b6 17. Qxa7 Rh6 18. c5 Nf7 19. cxb6 cxb6 {1-0 Risting,E (2298)-Coote,T (2075) London Classic op 11th 2019 (2)}) 14. b5 Nd8 15. O-O Bh5 16. Ne5 Nf7 17. cxd5 {[%emt 0:00:30] White is more active.} Nxe5 18. dxe5 exd5 19. Rfc1 Rac8 20. Qd4 Kh8 (20... c6 $16 {was necessary.} 21. bxc6 (21. Qxa7 Qxe5 22. Qxb7 c5 $16) 21... bxc6) 21. f4 (21. Qxd5 Rcd8 22. Qc4 Qxe5 $16) 21... c6 22. a4 (22. Qxa7 $18 {aiming for bxc6.} c5 23. Kh1) 22... c5 23. Qxd5 c4 $1 24. Bxc4 {[%emt 0:00:30] [#]} (24. Rxc4 Rcd8 25. Qc5 Qxc5 26. Rxc5 Rxd3 $17) 24... Rfd8 $2 {[%emt 0:00:30] Loses the game.} (24... Rcd8 $16 25. Qe6 Qc5) 25. Qe6 $18 Qc5 26. Rc3 ({Not} 26. Qxf5 Qxe3+ (26... Be2 27. Qe4 $17) 27. Kh1 Be2 $17) 26... Rc7 (26... Bg6 $142 27. Rac1 Qb4) 27. Rac1 ({Much less strong is} 27. Qxf5 Bg6 28. Qg4 Bf7 $18) 27... Bf7 28. Qxf7 {[%emt 0:00:30] White is clearly winning.} Rxf7 29. Bxf7 Qb4 (29... Qf8 $142) 30. Rc8 Qd2 31. Be6 {[%emt 0:00:30] Weighted Error Value: White=0.10 (very precise) /Black=0.45  Loses game:     	---       	Black=1      Mistake:       	White=1     	Black=4      Inaccurate:     	---       	Black=1      OK:         	White=10    	Black=6      Best:        	White=3     	Black=1      Strong:       	---       	Black=1} 1-0

[Event "8th Montevideo Open 2025"]
[Site "Montevideo"]
[Date "2025.02.02"]
[Round "3.15"]
[White "de los Reyes, Mauro"]
[Black "Mussanti, Diego"]
[Result "1-0"]
[Annotator "TA"]
[ECO "B01"]
[WhiteElo "1849"]
[BlackElo "2173"]
[PlyCount "62"]
[EventDate "2025.02.01"]
[EventType "swiss"]
[EventCountry "URU"]
[SourceTitle "playchess.com"]
[Source "ChessBase"]
[SourceQuality "1"]
[TimeControl "5400+30"]

1. e4 d5 2. exd5 Qxd5 3. d4 Nc6 4. Be3 e5 5. c4 Qa5+ 6. Nc3 {[%emt 0:01:17] B01: Scandinavian Defence.} (6. Bd2 $11 {was the only way to keep the balance.} Bb4 7. d5) 6... exd4 $17 7. Bxd4 Nxd4 (7... Bf5 $1 $17 8. Be3 Nf6) 8. Qxd4 $15 {[%emt 0:00:08] Black is slightly better.} Nf6 9. Bd3 Be6 $146 (9... Bc5 10. Qh4 Bg4 11. f3 O-O-O 12. O-O-O Rxd3 13. Rxd3 Bf5 14. Ne4 Be7 15. Qf4 g5 {0-1 Grussova,H (1997)-Ksana,V (2106) Teplice op 8th 2013 (8)}) 10. O-O-O Rd8 11. Qh4 {[%emt 0:02:44] [#]} (11. Qf4 $17) 11... Be7 $2 (11... g5 $1 $19 {[%cal Rg5h4] and Black stays clearly on top.} 12. Qg3 Bd6) 12. Qg3 O-O 13. Nge2 Qb4 14. Qh4 (14. a3 $17 Qa5 15. Nb5) 14... g6 15. Qf4 (15. a3 $17 Qa5 16. Qg3) 15... Nh5 16. Qe3 Rfe8 (16... Bxc4 $6 17. a3 (17. Bxc4 Qxc4 18. g4 Ng7 $17) 17... Rxd3 (17... Bc5 18. Qg5 $16) 18. Rxd3 $14) 17. a3 Qa5 18. Qf3 (18. Kb1 $17 {might work better.}) 18... Nf6 $19 19. h3 (19. Bc2 $142) 19... Nd7 20. Nd5 Bg5+ (20... Bxd5 $142 21. cxd5 Ne5) 21. Kb1 Ne5 22. Qg3 Nxd3 (22... h6 $19 {and ...Nxd3 would now be decisive} 23. h4 Nxd3 (23... Bxd5 24. cxd5 Bd2 25. Be4 $15) 24. Rxd3 Bf5 (24... Bxd5 25. cxd5 Bf6 26. Qf3 $17) 25. hxg5 Rxe2) 23. Qxg5 $17 {[%emt 0:00:55] [#]} Rxd5 (23... Nxf2 $2 24. Nf6+ Kg7 25. Nxe8+ (25. Qxa5 Rxd1+ 26. Rxd1 Kxf6 $18) 25... Rxe8 26. Qxa5 $18) 24. cxd5 Nxf2 25. Qf4 {[%emt 0:00:57][%mdl 8192] White is weak on the light squares} (25. Nc3 $17) 25... Bf5+ $19 (25... Nxd1 26. dxe6 Rxe6 27. Nd4 $11) 26. Ka1 Nxd1 27. Nd4 Ne3 28. Rc1 Qxd5 29. Re1 Nc2+ {[%emt 0:00:00] Black mates.} ({And not} 29... Nxg2 30. Rxe8+ Kg7 31. Nxf5+ (31. Qxc7 $2 {is the wrong capture.} Qxd4 32. Qe5+ Qxe5 $19) 31... Qxf5 32. Qxc7 $16) 30. Nxc2 Rxe1+ 31. Nxe1 Qd1+ {[%emt 0:00:00][%mdl 32768] Weighted Error Value: White=1.36/Black=0.63 Loss on time!?  Loses game:     	White=2     	---        Missed win:     	---       	Black=1      Mistake:       	White=4     	Black=3      Inaccurate:     	White=1     	Black=1      OK:         	White=4     	Black=10     Best:        	White=2     	Black=1} 1-0

[Event "8th Montevideo Open 2025"]
[Site "Montevideo"]
[Date "2025.02.02"]
[Round "3.16"]
[White "Martinez Garay, Carlos"]
[Black "Saralegui, Mario"]
[Result "0-1"]
[Annotator "TA"]
[ECO "C45"]
[WhiteElo "1838"]
[BlackElo "2034"]
[PlyCount "98"]
[EventDate "2025.02.01"]
[EventType "swiss"]
[EventCountry "URU"]
[SourceTitle "playchess.com"]
[Source "ChessBase"]
[SourceQuality "1"]
[TimeControl "5400+30"]

1. e4 e5 2. Nf3 Nc6 3. d4 exd4 4. Nxd4 Bc5 5. Nxc6 Qf6 6. Qd2 dxc6 7. Bd3 Ne7 {[%emt 0:00:36] C45: Scotch Game.} 8. O-O O-O 9. Qg5 Qxg5 {[%emt 0:01:26] The position is equal.} 10. Bxg5 Ng6 11. a4 $146 (11. Re1 Be6 12. Nd2 h6 13. Be3 Bxe3 14. Rxe3 Rad8 15. g3 Ne5 16. f4 Nxd3 17. cxd3 {1-0 Fetiveau,A (2039)-D'Antonio,N (2252) Lignano Bella Italia op 2nd 2023 (8)}) 11... h6 12. Bd2 a5 13. Nc3 Rd8 14. Rad1 Bg4 15. Be2 Be6 16. Kh1 f6 17. f4 Bf7 18. Bc1 Bd6 19. g3 Re8 20. Bd3 Bb4 21. Bd2 Rad8 22. Kg2 c5 23. b3 (23. Bb5 $11 c6 24. Be2) 23... Ne7 {[%emt 0:05:09] Black is much more active.} ({Black should play} 23... Bxb3 $17 {White must now prevent ...Bf7.} 24. Nd5 Bxd5 (24... Bxa4 25. Be1 $17) 25. exd5 Bxd2) 24. Bb5 {[%emt 0:00:00] [#]} (24. Be1 $11) 24... c6 $1 $17 {[%emt 0:13:21] Black continues to play with concentration.} (24... Rxd2+ 25. Rxd2 c6 (25... Bxc3 26. Bxe8 Bxd2 27. Bxf7+ Kxf7 28. Rd1 $11) 26. Bc4 Bxc3 (26... Bxc4 27. bxc4 Bxc3 28. Rd3 $16) 27. Rd3 $11) 25. Bd3 {[%emt 0:00:00] [#]} (25. Be2 $17) 25... Bxb3 $1 $19 26. cxb3 {[%emt 0:00:00] Strongly threatening Be1.} (26. Bc1 Bf7) 26... Rxd3 27. Be1 Red8 28. Rxd3 Rxd3 29. Rf3 Rd4 30. Re3 Kf7 31. Ne2 Rd1 ({Not} 31... Bxe1 32. Nxd4 Bd2 33. Rd3 cxd4 34. Rxd2 $14) 32. Bxb4 (32. Bf2 {keeps fighting.}) 32... axb4 {[%emt 0:00:09][%mdl 4096] Endgame KRN-KRN. Black is a pawn up.} 33. f5 b5 34. axb5 cxb5 35. Nf4 Nc6 36. Rd3 (36. Re2 $142) 36... Rxd3 37. Nxd3 {[%emt 0:00:05] KN-KN. Black is a pawn up.} c4 38. Nc1 Nd4 39. Kf2 {[%emt 0:01:01] Prevents Ne2} Nxb3 40. Na2 Nc5 41. Nxb4 Nxe4+ 42. Ke3 Nd6 43. g4 g6 44. fxg6+ Kxg6 45. Kf4 c3 46. h4 $2 (46. Ke3) 46... h5 {[%emt 0:01:30] Black is clearly winning.} 47. Nc2 Nc4 48. gxh5+ Kxh5 49. Kf5 {[%emt 0:00:15] [#]} Na3 $1 {[%emt 0:00:51] Weighted Error Value: White=0.63/Black=0.18 (very precise)   Mistake:       	White=6     	Black=1      Inaccurate:     	White=3     	Black=3      OK:         	White=14    	Black=13     Best:        	White=2     	Black=3      Strong:       	---       	Black=1} 0-1

[Event "8th Montevideo Open 2025"]
[Site "Montevideo"]
[Date "2025.02.02"]
[Round "3.17"]
[White "Perez Selios, Luis"]
[Black "Manteiga, Franco"]
[Result "0-1"]
[Annotator "TA"]
[ECO "A45"]
[WhiteElo "1836"]
[BlackElo "2029"]
[PlyCount "72"]
[EventDate "2025.02.01"]
[EventType "swiss"]
[EventCountry "URU"]
[SourceTitle "playchess.com"]
[Source "ChessBase"]
[SourceQuality "1"]
[TimeControl "5400+30"]

1. d4 Nf6 2. Bf4 c5 3. e3 Qb6 4. Na3 d6 5. Nf3 g6 6. Bd3 {[%emt 0:04:00] A45: Trompowsky Attack.} (6. Nc4 $11 {should be considered.} Qc6 7. Be2) 6... Bg7 (6... Qxb2 $15 7. Nb5 Qb4+ 8. Qd2 Qxd2+ 9. Kxd2 Nd5) 7. Nc4 Qc7 8. a4 $146 {[%emt 0:00:07][%cal Od4d5] The position is equal.} (8. O-O O-O 9. c3 b5 10. Ncd2 c4 11. Bc2 a5 12. e4 Nbd7 13. d5 Nh5 14. Be3 {0-1 Pallister,S (1880)-Cooper,R (1996) BCCA-NATCOR email 2016 [5]}) 8... O-O 9. h3 Be6 10. Ncd2 ({White should play} 10. Na3 $1 $11) 10... Nd5 (10... c4 $15 11. Be2 c3 12. bxc3 Nd5) 11. Bg3 $11 Nb4 12. O-O (12. Be4 $1 $15) 12... Nxd3 13. cxd3 cxd4 14. Nxd4 Bd7 {[%emt 0:00:59] A strong pair of Bishops.} (14... Bxd4 $17 15. exd4 Nc6) 15. b4 (15. Nb5 $11 {remains equal.} Bxb5 16. axb5) 15... Qc3 16. Qb3 $2 {[%emt 0:12:34][%mdl 8192] This costs White the game.} (16. Ne4 $15 Qxb4 17. Rb1) 16... Bxd4 $19 (16... Qxd2 17. Rfd1 Bxd4 18. Rxd2 $16) 17. exd4 Qxd2 18. f4 (18. b5 {was called for.}) 18... Qe3+ 19. Bf2 Qe6 20. d5 Qf6 21. Rae1 Na6 (21... Qxf4 22. Re4 Qh6 23. Be3 $15) 22. g4 (22. Re4 $142) 22... Rfe8 ({Less strong is} 22... Qxf4 23. Rxe7 Rad8 (23... Qxb4 24. Qxb4 Nxb4 25. Rxd7 $11) 24. b5 $19) 23. Re4 e6 24. Bd4 Qh4 25. Kg2 {[%emt 0:00:50] Repels Qg3+} exd5 26. Bf2 Qd8 27. Qxd5 (27. Rxe8+ Qxe8 28. Re1) 27... Bc6 {[%emt 0:00:30] Black is clearly winning.} 28. Qd4 Nc7 29. Kg3 Bxe4 30. dxe4 Qe7 31. Re1 Ne6 32. Qd3 Rac8 {[%emt 0:00:45][%cal Oe6f4] Hoping for ...Nxf4!.} 33. h4 {[%emt 0:01:01] [#]} Nxf4 $1 34. Qf3 (34. Qd2 Ne6) 34... Ne6 35. Re2 Rc4 36. Rb2 {[%emt 0:01:34] [#]} Ng5 $1 {[%emt 0:02:51] Weighted Error Value: White=0.79/Black=0.24 (precise)   Loses game:     	White=1     	---        Mistake:       	White=6     	Black=3      OK:         	White=6     	Black=8      Best:        	White=1     	Black=1} 0-1

[Event "8th Montevideo Open 2025"]
[Site "Montevideo"]
[Date "2025.02.02"]
[Round "3.18"]
[White "Guerrero, Alvaro"]
[Black "Delgado, Nazareno"]
[Result "1-0"]
[Annotator "NA RC"]
[ECO "E14"]
[WhiteElo "2028"]
[BlackElo "1819"]
[PlyCount "63"]
[EventDate "2025.02.01"]
[EventType "swiss"]
[EventCountry "URU"]
[SourceTitle "playchess.com"]
[Source "ChessBase"]
[SourceQuality "1"]
[TimeControl "5400+30"]

1. d4 Nf6 2. c4 c5 3. e3 e6 4. Nf3 b6 5. Nc3 Bb7 6. d5 d6 7. Be2 Be7 8. O-O O-O 9. e4 e5 10. Ne1 Ne8 11. a4 Bc8 12. Nd3 f5 13. f4 fxe4 14. Nxe4 Bf5 15. Ng3 Bxd3 16. Bxd3 Nd7 17. Qe2 Nc7 18. Nf5 Rf6 19. Bd2 Qf8 20. Qg4 Rd8 21. Rae1 Ne8 22. Rf3 g6 23. Nxe7+ Qxe7 24. f5 e4 25. Rxe4 Ne5 26. Rxe5 dxe5 27. fxg6 Qg7 28. gxh7+ Kh8 29. Qxg7+ Kxg7 30. Rg3+ Kh8 31. Rf3 Kg7 32. Rg3+ 1-0

[Event "8th Montevideo Open 2025"]
[Site "Montevideo"]
[Date "2025.02.02"]
[Round "3.19"]
[White "Izquierdo, Sebastian"]
[Black "Tacoronte, Daniel"]
[Result "1/2-1/2"]
[Annotator "NA RC"]
[ECO "D73"]
[WhiteElo "1970"]
[BlackElo "1813"]
[PlyCount "57"]
[EventDate "2025.02.01"]
[EventType "swiss"]
[EventCountry "URU"]
[SourceTitle "playchess.com"]
[Source "ChessBase"]
[SourceQuality "1"]
[TimeControl "5400+30"]

1. d4 Nf6 2. Nf3 g6 3. g3 Bg7 4. Bg2 d5 5. c4 c6 6. Qb3 Qb6 7. c5 Qxb3 8. axb3 O-O 9. Bf4 Na6 10. Be5 Bf5 11. O-O Bxb1 12. Rfxb1 Nd7 13. Bxg7 Kxg7 14. Ra4 Nc7 15. e3 Nb5 16. Bf1 Nc7 17. Rba1 a6 18. b4 Rad8 19. Nd2 e5 20. Nb3 exd4 21. exd4 Rfe8 22. Bd3 Nf6 23. Rd1 Rd7 24. Raa1 Rde7 25. Na5 Ne6 26. Bf1 Nd8 27. Bd3 Ne4 28. h4 f5 29. Kg2 1/2-1/2

[Event "8th Montevideo Open 2025"]
[Site "Montevideo"]
[Date "2025.02.02"]
[Round "3.20"]
[White "Larrea, Daniela"]
[Black "Martello, Benjamin"]
[Result "0-1"]
[Annotator "TA"]
[ECO "B12"]
[WhiteElo "1819"]
[BlackElo "1968"]
[PlyCount "118"]
[EventDate "2025.02.01"]
[EventType "swiss"]
[EventCountry "URU"]
[SourceTitle "playchess.com"]
[Source "ChessBase"]
[SourceQuality "1"]
[TimeControl "5400+30"]

1. e4 c6 2. d4 d5 3. e5 Bf5 4. c4 dxc4 5. Bxc4 e6 6. Nc3 Ne7 7. Nge2 {[%emt 0:00:12] B12: Caro-Kann: Advance Variation.} Nd5 (7... Nd7 $11) 8. Nxd5 (8. O-O $16) 8... cxd5 $146 (8... exd5 9. Bd3 Bxd3 10. Qxd3 Be7 11. O-O O-O 12. Be3 Nd7 13. Rac1 f6 14. f4 fxe5 15. fxe5 Bg5 16. Rxf8+ Nxf8 17. Rf1 Ne6 18. Nf4 Nxf4 19. Bxf4 Bxf4 20. Rxf4 {½-½ Grewenig,J-Weidinger,D Saarland-ch A 2008 (6)}) 9. Bb5+ {[%emt 0:02:19] The position is equal.} Nc6 10. O-O Be7 11. Bd3 Bxd3 12. Qxd3 O-O 13. Qg3 Kh8 14. f4 f5 15. Bd2 b5 16. a3 Qb6 17. Qd3 Rfc8 18. Rfc1 Rc7 19. Kf1 Rac8 20. g3 h6 21. Kg2 Kg8 22. h3 Kf7 (22... Kh7 $11) 23. g4 $16 g6 24. Kg3 a6 25. h4 ({White should try} 25. gxf5 $14 exf5 26. Rg1) 25... fxg4 (25... h5 $11 {keeps the balance.}) 26. Kxg4 (26. h5 gxh5 27. f5 h4+ 28. Kxg4 Bg5 29. Bxg5 hxg5 30. Rf1) 26... h5+ {[%emt 0:00:17] Reckless King} 27. Kh3 Bd8 $2 (27... Rg8 $16) 28. Rg1 $18 Ne7 {[%emt 0:00:08] [#]} 29. Rxg6 $2 Nxg6 $14 30. Rg1 Ne7 (30... Nxh4 31. Qh7+ Kf8 32. Rg8#) (30... Nf8 $16) 31. Qh7+ $18 Ke8 32. Bb4 $2 ({White has to play} 32. f5 $1 $18 {[%cal Od2a5] and Ba5! should not be overlooked} exf5 33. Ba5) 32... Kd7 $11 33. Rg7 Kc6 $1 34. Bxe7 (34. Bc5 {with more complications.} Qa5 35. Bb4 Qa4 36. Qd3) 34... Bxe7 35. Rxe7 Kb7 36. Rxc7+ Qxc7 37. Qxh5 {[%emt 0:00:30][%mdl 4096] Endgame KQR-KQN} Qc2 {[%emt 0:00:26] Prevents f5} 38. Ng3 $1 Rc7 {[%emt 0:00:29] Repels Qf7} 39. f5 exf5 40. Nxf5 Qd3+ 41. Kg4 Qe2+ 42. Kg5 Qxb2 43. Qf3 (43. Qe8 $142 $1) 43... Qc1+ $2 (43... Rc6 $16 {was worth a try.}) 44. Kf6 $18 Rc6+ $2 (44... Qc6+ 45. e6 Kb6) 45. Nd6+ $2 (45. e6 $18) 45... Kb6 $11 46. Qxd5 $2 (46. Ke6 $11 {and White is okay.}) 46... Qh6+ $19 47. Kf5 Qh5+ ({Much less strong is} 47... Qxh4 48. Qg8 $17) 48. Kf4 Qxh4+ 49. Kf5 Qh5+ 50. Kf4 Rc2 51. Ne4 {[%emt 0:00:41] Dodges Rf2+} Qh4+ 52. Kf5 Qh5+ 53. Kf4 $1 {[%emt 0:00:19] [#]} Qh6+ (53... Qh2+ $1 $19 54. Kf5 Qh3+ 55. Kg6 (55. Kf6 $2 Qf3+ 56. Ke6 Rc7 $19) 55... Qg2+ (55... Qxa3 56. Qd8+ Ka7 57. e6 $11) 56. Kf7 Rc7+ 57. Kf6 Rc8 58. Qe6+ Rc6) 54. Kf3 (54. Ng5 $17) 54... Qf8+ 55. Nf6 Qxa3+ 56. Kg4 {[%emt 0:00:23] [#]} Qe7 {[%emt 0:00:52] Inhibits Qd8+.} (56... Ka5 $1 $19 {Strongly threatening ...Rf2.} 57. Kf5 Qh3+ 58. Kg6 Qg2+ 59. Qxg2 Rxg2+ 60. Kf7 b4) 57. Nd7+ $2 (57. Qb3 $1 $11 Rg2+ 58. Kf5 Rf2+ 59. Kg6) 57... Kc7 58. Nc5 (58. Nf6 $19 Rf2 59. Kh5) 58... Qg7+ 59. Kf4 Rf2+ {[%emt 0:00:17] Weighted Error Value: White=0.58/Black=0.53  Loses game:     	White=2     	Black=3      Missed win:     	White=3     	Black=1      Mistake:       	White=5     	Black=5      Inaccurate:     	White=3     	Black=4      OK:         	White=15    	Black=13     Best:        	White=9     	Black=6      Strong:       	White=2     	Black=1} 0-1

[Event "8th Montevideo Open 2025"]
[Site "Montevideo"]
[Date "2025.02.02"]
[Round "3.21"]
[White "Guillen Ramirez, Jose Antonio"]
[Black "Pascualvaca, Federico"]
[Result "1/2-1/2"]
[Annotator "TA"]
[ECO "B15"]
[WhiteElo "2114"]
[BlackElo "1794"]
[PlyCount "90"]
[EventDate "2025.02.01"]
[EventType "swiss"]
[EventCountry "URU"]
[SourceTitle "playchess.com"]
[Source "ChessBase"]
[SourceQuality "1"]
[TimeControl "5400+30"]

1. e4 c6 2. d4 d5 3. Nc3 dxe4 4. Nxe4 Nf6 5. Ng3 h5 6. h4 Bg4 7. f3 {[%emt 0:00:33] B15: Caro-Kann: 3 Nc3: 3...g6 and 3...dxe4 4 Nxe4 Nf6 5 Nxf6+ exf6.} Bd7 8. Bc4 Na6 $146 (8... e6 9. Qe2 Be7 10. Bg5 a5 11. Nh3 Nd5 12. O-O Bxg5 13. Nxg5 Qe7 14. Rae1 Qf6 {1-0 Horvath,A (2481)-Buzas,B (2213) HUN-ch rapid 2018 (8)}) 9. N1e2 Nc7 10. Bb3 a5 11. c4 (11. c3 $14) 11... Be6 (11... b5 $1 $11) 12. Nf4 {[%emt 0:01:26] [#]} (12. a4 $14 {keeps the upper hand.}) 12... a4 $1 $17 13. d5 (13. Bxa4 Bxc4) 13... axb3 (13... cxd5 $6 14. Nxe6 (14. Bxa4+ Bd7 $15) 14... fxe6 15. Bxa4+ Kf7 16. cxd5 $14) 14. dxe6 Qxd1+ (14... bxa2 $6 15. Qxd8+ Rxd8 16. Rxa2 $11) 15. Kxd1 Rxa2 16. exf7+ Kxf7 17. Rb1 g6 18. Nd3 e6 (18... Nd7 $17 {and ...Bg7 should not be overlooked} 19. Ne4 Ne6 20. Ng5+ Nxg5 21. Bxg5 Bg7) 19. Bf4 $15 Na6 20. Kd2 Nd7 21. Ne4 Nac5 22. Ng5+ (22. Ndxc5 {simplifies} Nxc5 23. Ng5+ Ke8 24. Be5) 22... Ke7 23. Nxc5 Nxc5 24. Be5 {[%emt 0:00:17] Against Bg7} Rg8 25. Kc3 Bg7 (25... Ra4 {feels hotter.} 26. Rbd1 Bg7 27. Rhe1 b5) 26. Bxg7 $1 Rxg7 27. Ra1 ({White should play} 27. Rhe1 $11) 27... Kf6 (27... Rg8 $1 $15 28. Rab1 Rd8) 28. Rxa2 $11 {[%emt 0:00:34] The position is equal.} bxa2 {[%emt 0:00:17][%mdl 4096] Endgame KRN-KRN. Black is a pawn up.} 29. b4 Na4+ 30. Kb3 b5 31. cxb5 cxb5 32. Kxa2 Rd7 33. Ne4+ Ke5 34. Rc1 Rd4 35. Kb3 Rd3+ 36. Kc2 Ra3 37. Re1 {[%emt 0:00:16] [#]} Ra2+ 38. Kd3 Rxg2 39. Ng5+ Kd5 40. Nxe6 Nb2+ 41. Kc3 Na4+ 42. Kd3 Nb2+ 43. Kc3 Na4+ 44. Kd3 Nb2+ 45. Kc3 {[%emt 0:00:36] Strongly threatening Nf4+.} Na4+ {[%emt 0:00:14] Weighted Error Value: White=0.16 (very precise) /Black=0.15 (very precise)   Mistake:       	White=3     	Black=3      Inaccurate:     	---       	Black=2      OK:         	White=17    	Black=18     Best:        	White=4     	---        Strong:       	White=1     	---        Brilliant:      	---       	Black=1} 1/2-1/2